 Dungeon Crawl Stone Soup version 0.28.0-43-g3370ac3207 (webtiles) character file.

Game seed: 9851193544030162583

10855 Kaptain the Geomancer (level 11, -1/69 HPs)
             Began as a Gargoyle Earth Elementalist on Mar 27, 2022.
             Slain by a six-headed hydra (9 damage)
             ... on level 2 of the Lair of Beasts.
             The game lasted 00:24:31 (13432 turns).

Kaptain the Geomancer (GrEE)                       Turns: 13432, Time: 00:24:32

Health: -1/69      AC: 25    Str: 11    XL:     11   Next: 68%
Magic:  15/22      EV: 14    Int: 27    God:
Gold:   366        SH:  0    Dex: 16    Spells: 15/24 levels left

rFire   . . .      SeeInvis .   W - +6 short sword "Zuot" {spect, Dex+6}
rCold   . . .      Faith    .   i - +0 buckler
rNeg    + . .      Spirit   .   K - +0 steam dragon scales
rPois   ∞          Reflect  .   l - +0 helmet
rElec   +          Harm     .   p - +1 cloak
rCorr   .          Rampage  .   j - +0 pair of gloves
Will    +....                   c - +1 pair of boots "Vapor" {Will+}
Stlth   +.........              (no amulet)
HPRegen 0.21/turn               q - +6 ring of intelligence
MPRegen 0.18/turn               g - +4 ring of protection

@: confused, ambrosia-drunk, very slightly contaminated
A: sickness immunity, AC +8, negative energy resistance 1, electricity
resistance, torment resistance 1, petrification resistance
a: no special abilities


You were on level 2 of the Lair of Beasts.
You visited 3 branches of the dungeon, and saw 13 of its levels.

You collected 670 gold pieces.
You spent 304 gold pieces at shops.

Inventory:

Hand Weapons
 h - a +2 flail of protection
 r - a +3 hunting sling
 s - a +0 morningstar
 u - a +4 scimitar
 y - a +0 trident
 J - a +0 long sword of flaming
 W - the +6 short sword "Zuot" (weapon) {spect, Dex+6}
   (You found it on level 1 of the Lair of Beasts)

   When its wielder attacks, the weapon's spirit leaps out and strikes again.
   The spirit shares a part of any damage it takes with its wielder.
   Dex:       It affects your dexterity (+6).
Missiles
 A - 21 poisoned darts
 H - a throwing net
 N - 85 stones
 U - 68 sling bullets
Armour
 c - the +1 pair of boots "Vapor" (worn) {Will+}
   (You bought it in a shop on level 9 of the Dungeon)

   Will:      It increases your willpower.
 i - a +0 buckler (worn)
 j - a +0 pair of gloves (worn)
 l - a +0 helmet (worn)
 n - an orb of light
 p - a +1 cloak (worn)
 K - +0 steam dragon scales (worn)
Magical Staves
 e - a staff of death
 V - a staff of conjuration
Jewellery
 g - a +4 ring of protection (right hand)
 q - a +6 ring of intelligence (left hand)
 L - a +6 ring of strength
 P - a +6 ring of dexterity
 R - a ring of positive energy
Wands
 f - a wand of flame (19)
 v - a wand of polymorph (9)
 B - a wand of mindburst (15)
 G - a wand of iceblast (5)
 I - a wand of charming (7)
Scrolls
 a - a scroll of blinking
 m - 6 scrolls of teleportation
 t - 2 scrolls of identify
 w - a scroll of acquirement
 E - 2 scrolls of fog
 O - a scroll of amnesia
 S - a scroll of vulnerability
Potions
 b - 4 potions of might
 d - a potion of flight
 k - a potion of cancellation
 o - 4 potions of curing
 x - a potion of invisibility
 z - a potion of haste
 C - 3 potions of mutation
 M - a potion of brilliance
 Q - 2 potions of resistance
 T - a potion of lignification


   Skills:
 * Level 8.5 Fighting
 + Level 6.0 Armour
 + Level 4.8 Dodging
 - Level 2.1 Stealth
 - Level 5.0 Shields
 * Level 7.4 Spellcasting
 * Level 8.6 Conjurations
 - Level 0.7 Transmutations
 * Level 10.1 Earth Magic


You had 15 spell levels left.
You knew the following spells:

 Your Spells              Type           Power      Damage    Failure   Level
a - Sandblast             Erth           100%       2d20      1%          1
b - Stone Arrow           Conj/Erth      100%       3d13      1%          3
c - Lee's Rapid Deconstr  Erth           30%        3d17*     3%          5

Your spell library contained the following spells:

 Spells                   Type           Power      Damage    Failure   Level
 Passwall                 Tmut/Erth      32%        N/A       1%          2
 Dazzling Flash           Conj/Hex       66%        N/A       3%          3
 Beastly Appendage        Tmut           28%        N/A       5%          1
 Wereblood                Tmut           14%        N/A       8%          2
 Petrify                  Tmut/Erth      39%        N/A       8%          4
 Leda's Liquefaction      Hex/Erth       18%        N/A       9%          4
 Corpse Rot               Necr/Air       20%        N/A       11%         2
 Poisonous Vapours        Pois/Air       20%        N/A       11%         2
 Iskenderun's Mystic Bla  Conj/Tloc      33%        2d8       12%         4
 Spider Form              Tmut/Pois      12%        N/A       19%         3
 Starburst                Conj/Fire      16%        6d6       88%         6
 Agony                    Necr           10%        N/A       89%         5
 Silence                  Hex/Air        5%         N/A       89%         5
 Statue Form              Tmut/Erth      Unusable   N/A       N/A         6

Dungeon Overview and Level Annotations

Branches:
Dungeon (10/15)            Temple (1/1) D:6            Lair (2/6) D:10
 Spider (0/4) Lair:2
  Swamp: Lair:2-4    Shoals: Lair:2-4       Orc: D:9-12

Altars:
Ashenzari
Cheibriados
Dithmenos
Elyvilon
Fedhas
Gozag
Hepliaklqana
Kikubaaqudgha
Makhleb
Nemelex Xobeh
Okawaru
Qazlal
Ru
Sif Muna
Trog
Uskayaw
Vehumet
Wu Jian
Xom
Yredelemnul
Zin
The Shining One

Shops:
D:9 [?

Annotations:
D:9 4 runed translucent doors


Innate Abilities, Weirdness & Mutations

You are immune to sickness and miasma.
Your stone body is resilient. (AC +8)
You are immune to poison.
You resist negative energy. (rN+)
You are resistant to electric shocks. (rElec)
You are resistant to unholy torment.
You are immune to petrification.


Message History

The six-headed hydra bites you but does no damage. x2
You block the six-headed hydra's attack.
The six-headed hydra completely misses you.
The six-headed hydra bites you but does no damage.
The six-headed hydra bites you.
Casting: Stone Arrow (safe; 1% risk of failure)
Confirm with . or Enter, or press ? or * to list all spells.
Aiming: Stone Arrow (safe; 1% risk of failure)
Press: ? - help, Shift-Dir - straight line, f/p - six-headed hydra
Aim: a six-headed hydra (moderately wounded, 92% to hit)
The stone arrow hits the six-headed hydra!!
The six-headed hydra is severely wounded.
The six-headed hydra closely misses you.
The six-headed hydra completely misses you.
The six-headed hydra bites you!
* * * LOW HITPOINT WARNING * * *
You block the six-headed hydra's attack.
The six-headed hydra bites you.
* * * LOW HITPOINT WARNING * * *
The six-headed hydra barely misses you.
A komodo dragon comes into view.
You feel better. The six-headed hydra misses you. x3
The six-headed hydra bites you but does no damage.
The six-headed hydra closely misses you.
The six-headed hydra misses you.
You are confused.
You feel invigorated.
The six-headed hydra bites you but does no damage.
The six-headed hydra barely misses you. The six-headed hydra bites you.
The six-headed hydra bites you but does no damage.
The six-headed hydra misses you.
The six-headed hydra closely misses you.
The six-headed hydra bites you!
* * * LOW HITPOINT WARNING * * *
The six-headed hydra barely misses you.
The six-headed hydra closely misses you.
The six-headed hydra bites you!
* * * LOW HITPOINT WARNING * * *
The six-headed hydra bites you!
You die...

.. .# #.#### ####...#.##
####.†.......# ####
#.##.#.###.####
####..#####....+.......P#
.###.P............#...†....#
^.^#....#######.@D#..†....##
#.^#..## ##..#..≈##..P#
####.##.###### ......## .##
.#...^.......####.#..# #
....^##......# #l#..#
#>^.#^^..<..... #.#..#
.#^#.#......... ......
.#.#..^......P .# ..
^).##.......#


You could see a six-headed hydra and a komodo dragon.

Vanquished Creatures
  2 two-headed ogres
  Pikel (D:5)
  2 cane toads
  4 komodo dragons
  Maggie (D:8)
  2 rime drakes
  2 hornets
  A shadow (D:10)
  7 yaks
  A wyvern (D:9)
  A redback (Lair:2)
  Menkaure (D:6)
  An acid dragon (D:9)
  13 water moccasins
  A sky beast (D:6)
  4 orc warriors
  2 black bears (D:6)
  2 necrophages (D:5)
  An ogre (D:6)
  A wolf (Lair:1)
  5 centaurs
  A kobold brigand (D:9)
  Blork the orc (D:6)
  8 bullfrogs
  3 gnoll sergeants
  2 scorpions (Lair:1)
  3 killer bees (D:8)
  4 wights (D:8)
  2 centaur zombies
  A jelly (D:5)
  6 orc priests
  A bullfrog skeleton (D:5)
  A centaur skeleton (D:4)
  2 hounds
  Natasha (thrice) (D:2)
  2 iguanas (D:5)
  2 orc wizards
  Robin (D:4)
  A howler monkey skeleton (D:7)
  15 gnolls
  4 adders
  A shadow imp (D:5)
  A white imp (D:7)
  An ufetubus (D:5)
  A worm (D:3)
  5 dart slugs
  22 orcs
  6 endoplasms
  4 giant cockroaches
  13 goblins
  13 hobgoblins
  3 jackals (D:3)
  5 quokkas
  5 ball pythons
  7 bats
  3 frilled lizards
  14 kobolds
  4 rats
  A spectral orc (D:10)
227 creatures vanquished.

Vanquished Creatures (others)
  2 fungi
  A plant (Lair:1)
3 creatures vanquished.

Grand Total: 230 creatures vanquished

Notes
Turn   | Place    | Note
-------+----------+-------------------------------------------
     0 | D:1      | Kaptain the Gargoyle Earth Elementalist began the quest for
                  | the Orb.
     0 | D:1      | Reached XP level 1. HP: 10/10 MP: 3/3
   102 | D:1      | Reached XP level 2. HP: 14/16 MP: 0/5
   744 | D:1      | Reached skill level 1 in Fighting
   746 | D:1      | Reached skill level 1 in Conjurations
   755 | D:1      | Reached XP level 3. HP: 20/20 MP: 1/6
  1126 | D:2      | Found a faded altar of an unknown god.
  1132 | D:2      | Reached skill level 4 in Earth Magic
  1212 | D:2      | Noticed Natasha
  1219 | D:2      | Killed Natasha
  1220 | D:2      | Reached skill level 1 in Armour
  1220 | D:2      | Reached XP level 4. HP: 6/25 MP: 2/7
  1689 | D:2      | Noticed Natasha
  1693 | D:2      | Killed Natasha
  1769 | D:2      | Noticed Natasha
  1772 | D:2      | Reached XP level 5. HP: 29/30 MP: 5/9
  1775 | D:2      | Killed Natasha
  3438 | D:4      | Reached XP level 6. HP: 36/36 MP: 6/10
  4170 | D:4      | Noticed Robin
  4183 | D:4      | Reached skill level 5 in Earth Magic
  4191 | D:4      | Killed Robin
  4192 | D:4      | Reached skill level 1 in Shields
  4512 | D:5      | Entered Level 5 of the Dungeon
  4713 | D:5      | Learned a level 3 spell: Stone Arrow
  4728 | D:5      | Reached XP level 7. HP: 40/40 MP: 5/12
  4849 | D:5      | Noticed a hornet
  4865 | D:5      | Killed a hornet
  5061 | D:5      | Identified 2 scrolls of acquirement
  5061 | D:5      | Acquired a book of the Earth
  5069 | D:5      | Learned a level 5 spell: Lee's Rapid Deconstruction
  5339 | D:5      | Reached XP level 8. HP: 40/48 MP: 9/13
  5551 | D:5      | Found a basalt altar of Yredelemnul.
  5551 | D:5      | Found a burning altar of Makhleb.
  5555 | D:5      | Found a glowing silver altar of Zin.
  5607 | D:5      | Reached skill level 6 in Earth Magic
  5633 | D:5      | Noticed Pikel
  5639 | D:5      | Killed Pikel
  5971 | D:6      | Noticed Menkaure
  5973 | D:6      | Killed Menkaure
  5974 | D:6      | Reached skill level 5 in Conjurations
  5983 | D:5      | Reached skill level 5 in Fighting
  5983 | D:5      | Reached XP level 9. HP: 50/54 MP: 4/16
  6110 | D:6      | Reached skill level 7 in Earth Magic
  6214 | D:6      | Reached skill level 5 in Spellcasting
  6317 | D:6      | Found a shadowy altar of Dithmenos.
  6344 | D:6      | Found a sparkling altar of Nemelex Xobeh.
  6605 | D:6      | Found a staircase to the Ecumenical Temple.
  6611 | Temple   | Entered the Ecumenical Temple
  6934 | D:6      | Noticed Blork the orc
  6936 | D:6      | Killed Blork the orc
  7440 | D:7      | Found a sacrificial altar of Ru.
  7549 | D:7      | Found a bloodstained altar of Trog.
  7908 | D:7      | Found an ornate altar of the Wu Jian Council.
  8529 | D:8      | Noticed Maggie
  8535 | D:8      | Killed Maggie
  8536 | D:8      | Reached XP level 10. HP: 55/60 MP: 5/18
  8649 | D:8      | Reached skill level 8 in Earth Magic
  9201 | D:9      | Found Omuu's Magic Scroll Shop.
  9277 | D:9      | Noticed a two-headed ogre
  9279 | D:9      | Found Anwoet's Antique Armour Emporium.
  9283 | D:9      | Killed a two-headed ogre
  9353 | D:9      | Bought a pair of brightly glowing boots for 304 gold pieces
  9353 | D:9      | Identified the +1 pair of boots "Vapor" {Will+} (You bought
                  | it in a shop on level 9 of the Dungeon)
 10014 | D:9      | Reached skill level 5 in Armour
 10138 | D:9      | Found a glowing golden altar of the Shining One.
 10198 | D:9      | Found a huge runed translucent gate.
 10198 | D:9      | Found a huge runed translucent gate.
 10198 | D:9      | Found a huge runed translucent gate.
 10198 | D:9      | Noticed a manticore
 10199 | D:9      | Found a huge runed translucent gate.
 10200 | D:9      | Noticed a death yak
 10450 | D:10     | Entered Level 10 of the Dungeon
 10453 | D:10     | Found a staircase to the Lair.
 10536 | D:10     | Reached skill level 9 in Earth Magic
 10749 | D:10     | Found a broken altar of Ashenzari.
 10931 | D:10     | Found a shimmering blue altar of Sif Muna.
 10971 | D:10     | Reached skill level 5 in Shields
 11040 | D:10     | Found a stormy altar of Qazlal.
 11148 | D:10     | Found a hazy altar of Hepliaklqana.
 11248 | D:10     | Noticed a two-headed ogre
 11254 | D:10     | Killed a two-headed ogre
 11255 | D:10     | Reached XP level 11. HP: 68/68 MP: 7/21
 11474 | Lair:1   | Entered Level 1 of the Lair of Beasts
 11922 | Lair:1   | Identified the +6 short sword "Zuot" {spect, Dex+6}
 13291 | Lair:2   | Found a hole to the Spider Nest.
 13295 | Lair:2   | Reached skill level 10 in Earth Magic
 13419 | Lair:2   | Noticed a six-headed hydra
 13432 | Lair:2   | Slain by a six-headed hydra

Illustrated notes

Levels and vault maps discovered:
D:1:      minmay_arrival_widening_spiral_wide, layout_basic
D:2:      layout_basic, shapermc_ecumenical_altar_venn, uniq_natasha
D:3:      layout_basic, chequers_serial_rivers_small_b
D:4:      layout_basic, serial_bayou_pond_e, chequers_arboretum, uniq_robin
D:5:      layout_loops_corners, minitemple, grunt_ministairs_14, minmay_holes,
          uniq_pikel
D:6:      layout_gridville, mainiacjoe_overflow_two_lobes,
          minmay_temple_entry_fiery, uniq_menkaure, uniq_blork_the_orc
D:7:      layout_cave_pools, pdpol_wu_jian_five_deadly_venoms,
          mainiacjoe_overflow_big_doors, minmay_curled_crystal,
          amethyst_killhole, grunt_ministairs_8
D:8:      layout_loops_ring, minivault_22, uniq_maggie
D:9:      lemuel_bear_cage, layout_small_grid, overflow_temple_1_default,
          serial_glass, glass_columns_a, glass_columns_a, glass_columns_a,
          glass_columns_a, glass_columns_a, glass_columns_c, serial_shops, shop,
          nicolae_shop_stone
D:10:     layout_long_grid, mainiacjoe_overflow_alcove_1,
          ashenzari_conservatory_becter, mainiacjoe_overflow_tiny_flanked,
          nicolae_hepliaklqana_monster_ancestors, lair_entry_dummy
Temple:   nicolae_temple_figure_zero
Lair:1:   layout_roguey, beast_lair_carwin_1
Lair:2:   layout_cave_pods, spider_nest_entry_rubble,
          hangedman_lair_generics_rect, uniq_fannar

Skill      XL: |  1  2  3  4  5  6  7  8  9 10 11 |
---------------+----------------------------------+-----
Fighting       | 1 2 3 5 6 7 8 |  8.5
Conjurations   | 1 2 3 5 6 7 8 |  8.6
Earth Magic    | 4 5 6 7 9 10 | 10.1
Armour         | 1 2 3 4 5 6 |  6.0
Dodging        | 2 3 4 |  4.8
Spellcasting   | 3 4 5 6 7 |  7.4
Shields        | 1 2 3 4 5 |  5.0
Stealth        | |  2.1
Transmutations | |  0.7

Action                   |  1- 3 |  4- 6 |  7- 9 | 10-12 || total
-------------------------+-------+-------+-------+-------++-------
Melee: Unarmed           |     5 |       |       |       ||     5
       Hand axe          |    16 |     1 |       |       ||    17
       Short sword       |       |     2 |       |    26 ||    28
       Flail             |       |    17 |    33 |    46 ||    96
 Cast: Sandblast         |    46 |    91 |    51 |    27 ||   215
       Stone Arrow       |       |     1 |    38 |   112 ||   151
       Lee's Rapid Decon |       |       |     3 |       ||     3
  Use: Scroll            |       |       |    12 |     9 ||    21
       Potion            |       |       |     4 |     3 ||     7
 Stab: Sleeping          |     1 |     1 |       |       ||     2
Armor: Robe              |     5 |     4 |       |       ||     9
       Leather armour    |       |    24 |    55 |       ||    79
       Steam dragon scal |       |       |       |    90 ||    90
Dodge: Dodged            |    20 |    46 |    59 |    85 ||   210
Block: Buckler           |       |    19 |    19 |    32 ||    70
